AoeStats
← UncleRambo69

African Clearing

510804557Analyzed
2v2 RM · 15h ago on Oct 2, 2026· 48m 47s· 4 players
Game mode
Random Map
Map size
Medium (4 player)
Population
200
Speed
Normal
Resources
Standard
Victory
Conquest
Starting age
Dark Age
Ending age
Imperial Age
RankedLock teamsTeams togetherTeam positionsShared explorationLock speedFull tech treeHidden civsTurbo modeCheats
Victory
Defeat
🇪🇬 Varangians · Egypt
1344
+17
🇪🇬 Dravidians · Egypt
1342
+17
🇮🇳 Huns · India
1463
-21
🇫🇷 Mongols · France
1279
-13
Black115
4:14 Loom
12:00 Feudal Age
12:40 Double-Bit Axe
17:35 Bloodlines
23:41 Castle Age
22:07 Scale Barding Armor
23:55 Forging
25:40 Chain Barding Armor
26:55 Husbandry
28:25 Bow Saw
30:42 Wheelbarrow
32:14 Horse Collar
39:59 Heavy Plow
47:41 Imperial Age
46:25 Hand Cart
46:17 Vendel Legacy
47:52 Cavalier
49:13 Plate Barding Armor
SaracenWarlord
10:06 Loom
14:09 Feudal Age
17:45 Castle Age
15:45 Double-Bit Axe
15:51 Gold Mining
15:44 Horse Collar
17:23 Fletching
19:04 Wheelbarrow
18:41 Bow Saw
18:33 Heavy Plow
26:39 Elite Skirmisher
29:11 Thumb Ring
30:01 Ballistics
29:37 Bodkin Arrow
29:43 Padded Archer Armor
32:32 Town Watch
34:25 Hand Cart
38:25 Imperial Age
35:28 Pikeman
36:08 Squires
36:13 Scale Mail Armor
39:11 Bracer
38:38 Halberdier
39:42 Chain Mail Armor
39:19 Halberdier
41:19 Chemistry
40:27 Arson
42:00 Masonry
42:34 Conscription
42:35 Wootz Steel
46:36 Two-Man Saw
46:56 Chain Mail Armor
46:52 Forging
46:57 Leather Archer Armor
49:12 Plate Mail Armor
49:17 Iron Casting
49:13 Ring Archer Armor
UncleRambo69
3:11 Loom
14:25 Feudal Age
15:27 Double-Bit Axe
19:20 Castle Age
17:41 Gold Mining
18:05 Fletching
20:24 Bow Saw
20:23 Bodkin Arrow
25:58 Ballistics
26:24 Wheelbarrow
26:20 Husbandry
27:24 Bloodlines
27:56 Town Watch
29:26 Thumb Ring
33:26 Padded Archer Armor
34:35 Horse Collar
35:55 Hand Cart
39:45 Imperial Age
38:52 Heavy Plow
39:31 Gold Shaft Mining
38:56 Light Cavalry
40:03 Town Patrol
40:54 Parthian Tactics
40:30 Bracer
41:46 Chemistry
41:33 Leather Archer Armor
40:44 Hussar
42:28 Heavy Cavalry Archer
43:45 Cavalier
45:54 Forging
45:50 Scale Barding Armor
46:25 Coinage
48:01 Iron Casting
fairoz05329
13:01 Feudal Age
12:35 Loom
13:30 Double-Bit Axe
20:53 Castle Age
31:29 Forging
33:06 Fletching
35:14 Bow Saw
36:52 Wheelbarrow
36:54 Horse Collar
37:48 Bloodlines
37:58 Gold Mining
39:37 Bodkin Arrow
39:50 Scale Barding Armor
40:21 Iron Casting
40:35 Bodkin Arrow
41:04 Light Cavalry
44:44 Hand Cart
Connection lost

Rejoining the realm…

Still unreachable

The connection could not be restored.

Session expired

The server has moved on; the page needs a fresh start.